Map: Abyssal Reef LE

Players

iPlayDefense

  • Race: Terran Terran
  • League: Silver
  • Spawn Location: 11:00

Zenopsy - Winner!

  • Race: Zerg Zerg
  • Spawn Location: 5:00

VOD

Have the link to the VOD?

Description

Time

  • Played on: April 13, 2025, 7:07 p.m.
  • Length: 15:40
Show
View Real Time Build Order
Export as new Build Order

iPlayDefense Terran 

Build Orders:  

Get SALT Encoding   

  12  0:00  SCV  
  13  0:17  Supply Depot  
  13  0:22  Refinery  
  13  0:24  SCV  
  14  0:41  Barracks  
  14  0:44  SCV  
  15  1:01  SCV  
  15  1:02  Supply Depot  
  16  1:15  SCV  
  17  1:38  Orbital Command  
  17  1:39  Barracks Reactor  
  17  2:02  Command Center  
  17  2:13  SCV  
  17  2:25  SCV  
  17  2:27  Marine  
  17  2:28  Marine  
  20  2:45  Marine x2  
  22  3:03  Barracks x2  
  22  3:15  SCV x2  
  22  3:17  Marine x2  
  26  3:27  SCV x2  
  26  3:29  Bunker  
  28  3:35  Marine x2  
  28  3:36  Refinery  
  30  3:41  Supply Depot  
  30  3:43  Supply Depot  
  30  3:46  Orbital Command  
  30  3:52  Barracks Tech Lab x2  
  30  4:15  SCV x2  
  32  4:19  Marine x4  
  36  4:27  SCV x2  
  38  4:35  Factory  
  38  4:50  Supply Depot  
  38  5:07  Engineering Bay  
  38  5:13  SCV x2  
  38  5:14  Supply Depot  
  40  5:15  Marine x4  
  44  5:25  SCV x2  
  44  5:28  Factory Tech Lab  
  46  5:34  Marauder x2  
  46  5:35  Starport  
  50  5:37  Supply Depot  
  50  5:43  SCV x2  
  50  5:44  Marine  
  53  5:50  Supply Depot  
  53  5:54  Combat Shield  
  53  5:55  SCV x2  
  53  5:58  Stimpack  
  53  6:00  Supply Depot  
  48  6:12  SCV x2  
  48  6:14  Marine x3  
  53  6:24  SCV  
  53  6:25  SCV  
  55  6:26  Siege Tank  
  58  6:33  Supply Depot  
  58  6:34  Supply Depot, Terran Infantry Weapons Level 1  
  58  6:40  SCV x2  
  58  6:46  Supply Depot  
  60  6:52  SCV x2  
  62  6:56  Bunker  
  62  7:09  Siege Tank  
  62  7:12  Starport Reactor  
  62  7:13  SCV x2  
  62  7:14  Marine  
  62  7:15  Marine x3  
  71  7:20  Supply Depot  
  71  7:21  Concussive Shells  
  71  7:25  SCV x2  
  73  7:33  Marauder x2  
  73  7:35  Bunker  
  77  7:47  Refinery  
  77  7:48  SCV x2  
  77  7:49  Marine x2, Refinery  
  81  7:54  Supply Depot, Marine x2  
  83  7:59  Medivac x2  
  83  8:00  SCV  
  83  8:01  SCV  
  89  8:12  Marauder x2  
  93  8:29  Medivac x2  
  97  8:41  Marine x3  
  97  8:42  Marine  
  101  8:49  Cyclone  
  104  9:00  Marauder x2  
  108  9:02  Armory  
  108  9:03  Terran Infantry Armor Level 1  
  108  9:11  Supply Depot  
  108  9:14  Marine x2  
  110  9:20  Medivac  
  110  9:21  Marine x2, Cyclone  
  117  9:31  Command Center  
  117  9:37  Marine x2  
  119  9:39  Marauder x2  
  123  9:50  Supply Depot x2  
  123  9:55  Marine x2  
  128  10:00  Marauder  
  128  10:01  Marauder  
  129  10:25  Terran Vehicle Weapons Level 1  
  129  10:36  Marine x4  
  129  10:38  Thor  
  139  10:49  Orbital Command  
  139  10:54  Marauder x2  
  143  10:57  Hi-Sec Auto Tracking  
  143  11:20  Thor  
  100  11:40  Marine x4  
  100  11:44  Medivac  
  98  11:48  Orbital Command  
  96  11:54  Neosteel Armor  
  96  11:59  Marauder x2  
  100  12:03  Thor  
  106  12:14  Supply Depot  
  106  12:16  Supply Depot  
  106  12:19  Terran Ship Weapons Level 1  
  106  12:28  SCV  
  106  12:29  SCV x2  
  109  12:30  Marine x2  
  109  12:31  Marine, Marauder  
  109  12:34  Medivac  
  109  12:35  Medivac  
  118  12:41  SCV x3  
  121  12:46  Thor  
  121  12:49  Marauder  
  129  12:53  Supply Depot, Marauder  
  129  12:57  Supply Depot  
  131  13:04  Medivac  
  127  13:14  Supply Depot  
  127  13:19  Supply Depot  
  95  13:29  Thor  
  85  13:47  Command Center  
  85  13:56  Marine x3  
  85  13:57  Marine  
  85  14:01  Medivac  
  91  14:12  Thor  
  91  14:14  Marine x2  
  91  14:15  Marauder x2  
  103  14:21  Supply Depot  
  103  14:31  Supply Depot  
  103  14:40  Supply Depot  
  103  14:54  Thor  
  109  15:02  Missile Turret  
  109  15:04  Missile Turret  
  109  15:08  Orbital Command  
  109  15:22  Missile Turret  
  109  15:23  Missile Turret  
Show
View Real Time Build Order
Export as new Build Order

Zenopsy Zerg - Winner!

Build Orders: Pool First 

Get SALT Encoding   

  12  0:01  Drone  
  13  0:10  Drone  
  14  0:16  Overlord  
  14  0:35  Drone x2  
  16  0:36  Drone  
  17  0:51  Spawning Pool  
  17  0:54  Drone, Extractor  
  16  1:05  Drone  
  17  1:24  Drone x2  
  19  1:26  Hatchery  
  18  1:37  Queen  
  20  1:43  Drone  
  21  1:50  Zergling x2  
  21  1:52  Overlord  
  22  2:00  Metabolic Boost  
  22  2:29  Drone  
  23  2:31  Evolution Chamber  
  23  2:32  Drone x2  
  23  2:35  Queen  
  26  2:47  Zergling x10  
  26  2:50  Overlord  
  31  3:00  Baneling Nest  
  31  3:03  Overlord  
  30  3:10  Overlord  
  30  3:21  Drone  
  30  3:22  Drone x3  
  34  3:27  Drone  
  34  3:32  Spore Crawler  
  35  3:34  Drone  
  35  3:40  Spore Crawler  
  34  3:45  Drone  
  34  3:46  Drone  
  36  3:51  Zerg Melee Weapons Level 1  
  36  4:04  Drone x2  
  36  4:05  Drone x3  
  36  4:08  Overlord  
  41  4:24  Drone x4  
  43  4:30  Overlord  
  45  4:36  Zergling x12  
  51  4:56  Hatchery  
  50  5:00  Zergling x2  
  50  5:01  Zergling x10  
  56  5:08  Baneling x2  
  56  5:09  Baneling x6  
  55  5:45  Zerg Ground Armor Level 1  
  55  5:46  Zergling x2  
  55  5:47  Zergling x22  
  58  6:08  Zergling x4  
  58  6:09  Zergling x2  
  53  6:25  Zergling x2  
  54  6:26  Zergling x8  
  54  6:30  Hatchery  
  57  6:37  Lair  
  57  6:45  Queen  
  59  6:59  Baneling x5  
  59  7:00  Baneling x3  
  59  7:03  Extractor  
  59  7:05  Drone x2  
  59  7:06  Drone x3, Extractor  
  59  7:07  Drone  
  59  7:08  Drone x2  
  65  7:21  Queen  
  67  7:37  Extractor  
  67  7:39  Hydralisk Den  
  65  7:45  Infestation Pit  
  65  7:47  Drone x3  
  67  7:52  Drone x3  
  67  7:53  Drone x6  
  67  7:54  Drone x4  
  67  7:57  Overlord  
  67  7:58  Overlord x5  
  80  8:16  Hydralisk x5  
  90  8:22  Extractor  
  90  8:24  Extractor  
  88  8:28  Drone x5  
  88  8:29  Drone  
  94  8:37  Baneling x3  
  94  8:38  Baneling x5  
  94  8:47  Drone x2  
  94  8:48  Drone  
  97  8:49  Drone x2  
  99  8:59  Overlord  
  99  9:00  Overlord x6  
  99  9:01  Hatchery, Overlord  
  98  9:03  Hive  
  98  9:34  Baneling x5  
  98  9:35  Baneling x4  
  98  9:37  Centrifugal Hooks  
  98  9:49  Drone x5  
  98  9:50  Drone x5  
  108  10:00  Hydralisk x9  
  108  10:01  Hydralisk  
  108  10:03  Overlord x2  
  108  10:06  Overseer  
  128  10:29  Ultralisk Cavern, Zerg Missile Weapons Level 1  
  127  10:38  Evolution Chamber  
  127  10:40  Extractor  
  127  10:41  Drone x3  
  127  10:42  Extractor  
  127  10:49  Queen  
  129  10:55  Overlord x3  
  127  11:16  Ultralisk  
  127  11:17  Ultralisk x2  
  129  11:44  Zergling x2  
  129  11:45  Zergling x56  
  156  11:52  Ultralisk x2  
  168  11:57  Drone  
  168  11:58  Drone x3  
  168  11:59  Drone x2  
  174  12:03  Chitinous Plating  
  174  12:13  Baneling x2  
  174  12:14  Baneling x4  
  174  12:15  Baneling  
  174  12:17  Baneling  
  174  12:18  Baneling  
  174  12:54  Muscular Augments  
  155  13:22  Anabolic Synthesis  
  137  13:29  Zergling x2  
  137  13:30  Zergling x36  
  114  13:52  Baneling x3  
  114  13:53  Baneling x30  
  114  13:55  Hydralisk x8  
  116  13:56  Hydralisk x4  
  116  13:58  Grooved Spines  
  138  14:14  Zergling x2  
  138  14:15  Zergling x12  
  145  14:28  Zergling x4  
  145  14:29  Zergling x18  
  156  14:55  Zergling x4  
  156  14:56  Zergling x32  
  174  15:03  Hatchery  
Tags
 
League
Silver
Matchup
TvZ
Opening
Pool First
Replay Pack
DaveSC2
Spawn Locations
Cross Positions
Add a new tag
Caveats
  • Supply blocks, unpowered buildings, or Contaminate may cause inaccurate times.
  • Supply counts are checked every 10 seconds.